 Dungeon Crawl Stone Soup version 0.28.0 (webtiles) character file.

Game seed: 719736006610064773

25473 browni3141 the Warrior (level 12, -44/122 HPs)
             Began as a Minotaur Berserker on Feb 16, 2022.
             Was a High Priest of Trog.
             Annihilated by an enormous slime creature (62 damage)
             ... in a Gauntlet.
             The game lasted 00:12:36 (16692 turns).

browni3141 the Warrior (Minotaur Berserker)        Turns: 16692, Time: 00:12:36

Health: -44/122    AC: 30    Str: 25    XL:     12   Next: 89%
Magic:  11/11      EV: 11    Int: 10    God:    Trog [*****.]
Gold:   338        SH:  9    Dex: 10    Spells: 11/11 levels left

rFire   + + +      SeeInvis .   e - +0 broad axe (elec)
rCold   + . .      Faith    .   P - +0 kite shield
rNeg    . . .      Spirit   .   K - +1 plate armour {rC+}
rPois   +          Reflect  .   d - +2 hat of Loss {rF+++ Str-5 Int+6}
rElec   .          Harm     .   C - +2 cloak
rCorr   .          Rampage  .   U - +2 pair of gloves {Str+3}
Will    .....      NoTele   +   O - +2 pair of boots
Stlth   ..........              x - amulet "Jeiry" {RegenMP rPois}
HPRegen 0.30/turn               S - +4 ring of evasion
MPRegen 0.52/turn               (no ring)

@: on berserk cooldown, slowed, studying Fighting, very slow
A: horns 2, retaliatory headbutt
a: Renounce Religion, Berserk, Trog's Hand, Brothers in Arms


You were in a Gauntlet.
You worshipped Trog.
Trog was extremely pleased with you.
You visited 3 branches of the dungeon, and saw 14 of its levels.
You also visited: Sewer, Bailey and Gauntlet.

You collected 946 gold pieces.
You spent 608 gold pieces at shops.

Inventory:

Hand Weapons
 a - a +0 hand axe
 e - a +0 broad axe of electrocution (weapon)
 I - a +3 battleaxe
Missiles
 s - 3 throwing nets (quivered)
 w - 5 curare-tipped darts
Armour
 b - a +0 animal skin
 d - the +2 hat of Loss (worn) {rF+++ Str-5 Int+6}
   (You acquired it on level 11 of the Dungeon)

   Str:       It affects your strength (-5).
   Int:       It affects your intelligence (+6).
   rF:        It renders you almost immune to fire.
 j - the +1 scale mail "Ehyusob" {Stlth+}
   (You found it on level 2 of the Dungeon)

   Stlth:     It makes you more stealthy.
 k - a +0 pair of boots
 y - a +2 pair of gloves
 C - a +2 cloak (worn)
 J - +0 fire dragon scales
 K - a +1 plate armour of cold resistance (worn)
 O - a +2 pair of boots (worn)
 P - a +0 kite shield (worn)
 U - a +2 pair of gloves of strength (worn)
Jewellery
 x - the amulet "Jeiry" (around neck) {RegenMP rPois}
   (You acquired it on level 11 of the Dungeon)

   [amulet of magic regeneration]

   It increases your rate of magic regeneration.
   rPois:     It protects you from poison.
 S - a +4 ring of evasion (left hand)
Wands
 m - a wand of polymorph (12)
 N - a wand of charming (5)
Scrolls
 h - a scroll of vulnerability
 i - 2 scrolls of teleportation
 l - 8 scrolls of amnesia
 n - 3 scrolls of immolation
 o - 2 scrolls of silence
 p - 4 scrolls of noise
 r - 4 scrolls of fear
 u - 5 scrolls of fog
 E - a scroll of torment {unknown}
 M - a scroll of blinking {unknown}
 Q - 2 scrolls of magic mapping
 R - a scroll of summoning {unknown}
Potions
 c - 6 potions of haste
 f - a potion of invisibility
 g - 3 potions of mutation {unknown}
 q - 5 potions of curing {unknown}
 t - 8 potions of ambrosia
 v - 3 potions of magic
 z - 2 potions of might
 A - 5 potions of heal wounds {unknown}
 B - 3 potions of brilliance {unknown}
 D - a potion of resistance
 F - 3 potions of attraction {unknown}
 G - 2 potions of lignification {unknown}
 H - 20 potions of degeneration
 L - 2 potions of flight {unknown}
 V - a potion of berserk rage {unknown}


   Skills:
 + Level 15.6 Fighting
 + Level 14.8 Axes
 + Level 14.6 Armour
 - Level 2.1 Dodging
 * Level 7.4 Shields


You had 11 spell levels left.
You didn't know any spells.
Your spell library was empty.

Dungeon Overview and Level Annotations

Branches:
Dungeon (12/15)            Temple (1/1) D:4            Lair (1/6) D:11
    Orc (0/2) D:9           Sewer (visited)          Bailey (visited)
Gauntlet (1/1)

Altars:
Ashenzari
Dithmenos
Fedhas
Gozag
Hepliaklqana
Uskayaw
Vehumet
Zin

Shops:
D:12 [

Portals:
Trove: D:12 (give +8 demon trident)

Annotations:
Gauntlet 4 transporters


Innate Abilities, Weirdness & Mutations

You have a pair of horns on your head.
You reflexively headbutt those who attack you in melee.


Message History

You barely miss the jelly. You slash the enormous slime creature!
The enormous slime creature is heavily wounded.
You slash the jelly!
Your hands burn!
You block the jelly's attack.
You slice the jelly!!
You kill the jelly!
Trog accepts your kill.
You slice the enormous slime creature!! The enormous slime creature hits you!!
You slash the enormous slime creature!
The enormous slime creature is heavily wounded.
You completely miss the enormous slime creature.
The enormous slime creature is heavily wounded.
The enormous slime creature barely misses you.
You furiously retaliate!
You headbutt the enormous slime creature!
You hit the enormous slime creature.
Lightning courses through the enormous slime creature!
You headbutt the enormous slime creature!!
The enormous slime creature is almost dead.
You are no longer berserk.
You are exhausted.
You feel yourself slow down. The enormous slime creature hits you!
You completely miss the enormous slime creature.
The enormous slime creature is almost dead.
The enormous slime creature hits you but does no damage.
You slash the enormous slime creature!
Your headbutt misses the enormous slime creature.
The enormous slime creature is almost dead.
The enormous slime creature barely misses you.
The enormous slime creature hits you but does no damage.
You slash the enormous slime creature!
The enormous slime creature is almost dead.
The enormous slime creature hits you!!!
* * * LOW HITPOINT WARNING * * *
You slice the enormous slime creature!!
Your headbutt misses the enormous slime creature.
The enormous slime creature is almost dead.
The enormous slime creature hits you!!!
Ouch! That really hurt!
You die...

############# #
##≈#≈#≈#≈#≈#§#§#
#≈..............
##..............
§..#########..#
##§.#...©##.#..#
#≈..##..##)$#..#
##..###.#...####
#§.©#.##@##©#©©#
##..#.JJ#.######
#≈..#..##..##..# #
####..#.##....#..#
##≈#≈#≈..#########..#
##......∩.............
#≈.∩..................
##..###########..#####
#≈..#..zzz....#..


You could see an enormous slime creature and a jelly.

Vanquished Creatures
  An orc warlord (Bailey)
  2 hydras
  Erica (D:8)
  2 two-headed ogres
  A tengu warrior (D:7)
  2 deep elf pyromancers
  An orc knight (Bailey)
  4 cyclopes
  2 manticores (D:11)
  2 cane toads (Lair:1)
  An unseen horror (D:11)
  A kobold demonologist (D:11)
  2 ice devils (D:12)
  A troll (D:10)
  3 meliai (D:12)
  Prince Ribbit (D:8)
  A queen bee (D:12)
  A polar bear (shapeshifter) (D:11)
  Grinder (D:5)
  4 slime creatures (D:12)
  3 shadows (D:11)
  19 yaks
  4 wyverns
  3 wraiths
  2 basilisks
  4 vampire mosquitoes (D:11)
  A warg (D:11)
  5 water moccasins
  2 acid dragons
  11 orc warriors
  3 ice beasts
  A sky beast (D:7)
  2 necrophages
  5 black bears
  A wolf (D:11)
  A wolf (shapeshifter) (D:11)
  3 ogres
  7 centaurs
  A phantom (D:4)
  5 kobold brigands
  5 bullfrogs
  4 scorpions
  A wyvern zombie (D:6)
  4 gnoll sergeants
  A water moccasin zombie (D:6)
  22 killer bees
  3 wights (D:7)
  4 howler monkeys
  An electric eel (D:9)
  6 centaur zombies
  4 orc priests
  A gnoll shaman (D:4)
  5 jellies
  2 centaur skeletons
  2 hounds
  2 bullfrog skeletons (D:6)
  3 iguanas
  12 orc wizards
  A howler monkey zombie (D:7)
  Robin (D:4)
  10 adders
  23 gnolls
  A river rat (Sewer)
  2 white imps
  3 ufetubi
  2 worms
  6 dart slugs
  52 orcs
  10 ball pythons
  4 bats
  7 endoplasms
  5 giant cockroaches
  23 goblins
  17 hobgoblins
  2 jackals (D:2)
  17 kobolds
  4 quokkas
  2 frilled lizards (D:3)
  12 rats
403 creatures vanquished.

Vanquished Creatures (others)
  2 orcs (D:4)
  2 demonic plants (Gauntlet)
  13 fungi
  26 plants
43 creatures vanquished.

Grand Total: 446 creatures vanquished

Notes
Turn   | Place    | Note
-------+----------+-------------------------------------------
     0 | D:1      | browni3141 the Minotaur Berserker began the quest for the
                  | Orb.
     0 | D:1      | Reached XP level 1. HP: 19/19 MP: 0/0
   248 | D:1      | Reached XP level 2. HP: 21/27 MP: 1/1
   383 | D:1      | Reached skill level 4 in Fighting
   945 | D:2      | Reached XP level 3. HP: 29/33 MP: 2/2
  1095 | D:2      | Reached ** piety under Trog
  1382 | D:2      | Found a faded altar of an unknown god.
  2131 | D:2      | Identified the +1 scale mail "Ehyusob" {Stlth+}
  2268 | D:3      | Reached XP level 4. HP: 34/41 MP: 3/3
  2284 | D:3      | Reached skill level 5 in Fighting
  2284 | D:3      | Reached skill level 5 in Axes
  2284 | D:3      | Reached XP level 5. HP: 38/48 MP: 4/4
  2863 | D:3      | >
  3138 | D:4      | Found a staircase to the Ecumenical Temple.
  3144 | D:4      | Reached XP level 6. HP: 54/55 MP: 5/5
  3154 | D:4      | Reached skill level 5 in Armour
  3325 | D:4      | Found a blossoming altar of Fedhas.
  3337 | D:4      | Reached *** piety under Trog
  3369 | D:4      | Found a glowing drain.
  3376 | Sewer    | Entered a sewer
  3390 | Sewer    | Reached skill level 6 in Fighting
  3542 | Sewer    | Reached XP level 7. HP: 7/64 MP: 6/6
  4404 | D:4      | Reached skill level 7 in Fighting
  4620 | D:4      | Noticed Robin
  4628 | D:4      | Killed Robin
  4933 | Temple   | Entered the Ecumenical Temple
  4957 | D:5      | Entered Level 5 of the Dungeon
  4957 | D:5      | Found a glowing silver altar of Zin.
  4974 | D:5      | Reached XP level 8. HP: 63/73 MP: 7/7
  5035 | D:5      | Found a hazy altar of Hepliaklqana.
  5035 | D:5      | Found a shadowy altar of Dithmenos.
  5499 | D:5      | Reached skill level 8 in Fighting
  5697 | D:5      | Noticed Grinder
  5697 | D:5      | Paralysed by Grinder for 5 turns
  5722 | D:5      | Paralysed by Grinder for 5 turns
  5729 | D:5      | Killed Grinder
  6163 | D:5      | Found an opulent altar of Gozag.
  6767 | D:6      | Reached XP level 9. HP: 74/82 MP: 8/8
  6806 | D:6      | Reached skill level 9 in Fighting
  7686 | D:7      | Reached **** piety under Trog
  7916 | D:7      | Reached skill level 10 in Fighting
  7929 | D:7      | Reached skill level 10 in Axes
  8083 | D:7      | Noticed a deep elf pyromancer
  8094 | D:7      | Killed a deep elf pyromancer
  8095 | D:7      | Reached skill level 10 in Armour
  8313 | D:7      | Noticed a tengu warrior
  8326 | D:7      | Killed a tengu warrior
  8327 | D:7      | Reached XP level 10. HP: 81/94 MP: 9/9
  8604 | D:7      | Noticed a cyclops
  8609 | D:7      | Killed a cyclops
  8610 | D:7      | Reached skill level 11 in Fighting
  8895 | D:8      | Noticed Prince Ribbit
  8911 | D:8      | Killed Prince Ribbit
  9193 | D:8      | Noticed Erica
  9212 | D:8      | Killed Erica
  9904 | D:9      | Reached skill level 12 in Fighting
  9993 | D:9      | Found a hide-covered altar of Uskayaw.
  9993 | D:9      | Noticed a +0 dagger
  9993 | D:9      | Noticed a +0 dagger
 10007 | D:9      | Found a broken altar of Ashenzari.
 10052 | D:9      | Reached XP level 11. HP: 38/104 MP: 10/10
 10078 | D:9      | Found a flagged portal.
 10138 | Bailey   | Entered a bailey
 10459 | Bailey   | Reached ***** piety under Trog
 10531 | Bailey   | Noticed an orc knight
 10544 | Bailey   | Killed an orc knight
 10617 | Bailey   | Noticed an orc warlord
 10629 | Bailey   | Killed an orc warlord
 11076 | D:10     | Entered Level 10 of the Dungeon
 11172 | D:10     | Noticed a two-headed ogre
 11179 | D:10     | Killed a two-headed ogre
 11423 | D:10     | Reached skill level 13 in Fighting
 12569 | D:11     | Found a staircase to the Lair.
 13365 | D:11     | Noticed a two-headed ogre
 13383 | D:11     | Killed a two-headed ogre
 13456 | D:11     | Reached XP level 12. HP: 115/116 MP: 11/11
 13595 | D:11     | Noticed Sonja
 13922 | D:11     | Reached skill level 14 in Fighting
 13946 | D:11     | Acquired the +2 hat of Loss {rF+++ Str-5 Int+6}
 13954 | D:11     | Acquired a manual of Fighting
 13956 | D:11     | Acquired the amulet "Jeiry" {RegenMP rPois}
 14004 | D:11     | Noticed Sonja
 14004 | D:11     | Sonja changed into Sonja the warg
 14009 | D:11     | Killed Sonja the warg
 14189 | D:11     | Reached skill level 1 in Shields
 15266 | D:12     | Identified the +5 quarterstaff of Linearity {vorpal, rElec
                  | rC- Will- rCorr}
 15284 | D:12     | Found a portal to a secret trove of treasure.
 15417 | D:12     | Noticed an eight-headed hydra
 15430 | D:12     | Killed a 16-headed hydra
 15436 | D:12     | Reached skill level 5 in Shields
 15452 | D:12     | Reached skill level 15 in Fighting
 15453 | D:12     | HP: 4/119 [killer bee (6)]
 15458 | D:12     | HP: 3/119 [centaur/arrow (6)]
 15462 | D:12     | Received a gift from Trog
 15981 | D:12     | Found Vicwobut's Armour Emporium.
 15991 | D:12     | Bought a +2 pair of boots for 264 gold pieces
 15991 | D:12     | Bought a +2 pair of gloves of strength for 344 gold pieces
 16516 | Lair:1   | Entered Level 1 of the Lair of Beasts
 16609 | Lair:1   | Noticed a six-headed hydra
 16625 | Lair:1   | Killed a 13-headed hydra
 16637 | Lair:1   | Found a gate leading to a gauntlet.
 16659 | Gauntlet | Entered a Gauntlet
 16659 | Gauntlet | Found a transporter.
 16659 | Gauntlet | Found a transporter.
 16659 | Gauntlet | Found a transporter.
 16667 | Gauntlet | Found the +2 hood of the Assassin {Detection Stab+ Stlth++}
 16674 | Gauntlet | Found a transporter.
 16674 | Gauntlet | Found a transporter.
 16692 | Gauntlet | Annihilated by an enormous slime creature

Illustrated notes

#######))......)......#
......)†)))...>...<.(.#
..)...................#
########..............#
# #...............# ##
#...............#
.######...............#
.#....................#
................@.....#
.......#........#######
#...).#........##
....#....#..#..#
....#.##.##..#.#
..#.#.##.###.#.#
#.#......# #...#
#.....#### ##..#
#...### ##.#


Turn 2863 on D:3: >

Levels and vault maps discovered:
D:1:      elethiomel_arrival_maze, layout_loops_ring
D:2:      layout_basic, serial_forest, infiniplex_forest_lined_1,
          infiniplex_forest_lined_corner, infiniplex_forest_split,
          infiniplex_forest_lined_ring, infiniplex_forest_straight_3,
          infiniplex_forest_lined_room_2, infiniplex_forest_side_room,
          infiniplex_forest_clump_diagonal, infiniplex_forest_clump_medium,
          infiniplex_forest_side_room, shapermc_ecumenical_altar_venn,
          minmay_diced_spiral
D:3:      layout_rooms
D:4:      layout_gridville, mainiacjoe_overflow_boulevard,
          minmay_temple_entry_glass, gup_sewer_entry_bubbles, uniq_robin
D:5:      layout_basic, chequers_temple_overflow_statue_of_worship, uniq_grinder
D:6:      layout_cave_pools
D:7:      nzn_winding_woodlands_small
          [nzn_winding_woodlands_5x15_river_crossing,
          nzn_winding_woodlands_center_pierced_h,
          nzn_winding_woodlands_5x15_zeroes], layout_loops_ring,
          grunt_decor_one_mirror
D:8:      layout_gridville, uniq_prince_ribbit1, uniq_erica
D:9:      layout_roguey, mainiacjoe_overflow_cross_hatched,
          dancing_weapons_uskayaw, zombieorc2_lemuel, serial_bayou,
          serial_bayou_lagoon_b, serial_bayou_crossing, serial_bayou_shore_b,
          serial_bayou_lagoon_a, enter_bailey_7, uniq_joseph, uniq_maggie
D:10:     wad_pebble_path, layout_layer_cave
D:11:     layout_stronghold, minmay_lair_entry_grove, st_stairs_3,
          minmay_mirror_moons_of_madness, uniq_sonja
D:12:     minmay_goldmine, layout_basic, special_room [special_room_bee],
          serial_shops, nicolae_diamond_shop, portal_ice_cave_demonic_guard,
          serial_curves, eino_curves_03, eino_curves_03, enter_trove_3,
          minmay_misc_feat_nine_boxes
Temple:   regret_index_temple_waves
Lair:1:   layout_regular_city, gauntlet_entry_generic, beast_lair_carwin_6,
          serial_bayou_shore_a
Gauntlet: minmay_gauntlet_mixed_big_or_small [gammafunk_gauntlet_arena_grid,
          minmay_gauntlet_arena_77_fan, gammafunk_gauntlet_arena_chambers,
          minmay_gauntlet_arena_77_two_paths, gammafunk_gauntlet_arena_teeth,
          minmay_gauntlet_arena_77_museum, dreamdust_gauntlet_exit_labyrinth]

Skill      XL: |  1  2  3  4  5  6  7  8  9 10 11 12 |
---------------+-------------------------------------+-----
Fighting       | 4 5 6 7 8 10 12 13 15 | 15.6
Axes           | 4 5 6 7 8 10 12 13 14 | 14.8
Armour         | 3 4 5 6 8 10 11 13 14 | 14.6
Shields        | 7 |  7.4
Dodging        | |  2.1

Action                   |  1- 3 |  4- 6 |  7- 9 | 10-12 || total
-------------------------+-------+-------+-------+-------++-------
Melee: Hand axe          |    82 |   155 |   334 |     7 ||   578
       Headbutt          |    11 |    19 |    81 |    77 ||   188
       Punch             |     1 |       |     4 |       ||     5
       Battleaxe         |       |       |       |   263 ||   263
       Broad axe         |       |       |       |   192 ||   192
Throw: Throwing net      |       |       |     1 |       ||     1
Invok: Berserk           |     1 |     2 |     7 |    15 ||    25
       Trog's Hand       |     1 |       |     2 |     6 ||     9
Evoke: Wand              |       |       |       |     8 ||     8
  Use: Scroll            |       |       |     6 |    13 ||    19
       Potion            |       |       |     2 |       ||     2
 Stab: Sleeping          |     2 |       |       |       ||     2
Armor: Animal skin       |    17 |       |       |       ||    17
       Scale mail        |    15 |    74 |   200 |    22 ||   311
       Fire dragon scale |       |       |       |    72 ||    72
       Plate armour      |       |       |       |   348 ||   348
Dodge: Dodged            |    51 |    91 |   165 |   258 ||   565
Block: Kite shield       |       |       |       |   115 ||   115
